AoeStats
← bluetiger74

Black Forest

510101554Analyzed
4v4 RM · 2d ago on Sep 29, 2026· 52m 10s· 8 players
Game mode
Random Map
Map size
Large (8 player)
Population
200
Speed
Normal
Resources
Standard
Victory
Conquest
Starting age
Dark Age
Ending age
Imperial Age
RankedLock teamsTeams togetherTeam positionsShared explorationLock speedFull tech treeHidden civsTurbo modeCheats
Victory
Defeat
🇨🇳 Britons · China
821
+15
🇨🇳 Goths · China
789
+17
🇨🇳 Byzantines · China
767
+18
🇨🇳 Shu · China
743
+18
🇦🇷 Ethiopians · Argentina
814
-18
🇺🇸 Persians · United States
808
-17
🇹🇷 Bohemians · Türkiye
803
-17
🇧🇷 Celts · Brazil
783
-16
D4RKK
0:54 Loom
10:14 Feudal Age
12:50 Double-Bit Axe
12:51 Horse Collar
14:00 Stone Mining
15:15 Gold Mining
20:52 Castle Age
21:10 Scale Barding Armor
21:13 Padded Archer Armor
21:20 Padded Archer Armor
23:19 Bow Saw
25:19 Heavy Plow
25:59 Stone Shaft Mining
27:16 Chain Barding Armor
27:22 Kamandaran
29:42 Gold Shaft Mining
31:12 Scale Mail Armor
31:28 Leather Archer Armor
31:03 Fletching
32:29 Wheelbarrow
33:18 Crossbowman
37:07 Imperial Age
34:50 Caravan
35:30 Chain Mail Armor
35:13 Bodkin Arrow
35:30 Pikeman
37:10 Ballistics
36:46 Murder Holes
37:31 Thumb Ring
37:37 Squires
39:56 Two-Man Saw
39:27 Crop Rotation
39:22 Elite War Elephant
41:39 Plate Barding Armor
41:36 Ring Archer Armor
43:40 Hand Cart
43:12 Town Watch
43:56 Chain Mail Armor
43:52 Forging
44:05 Guilds
| LEON | SAPULHA
0:28 Loom
13:02 Feudal Age
18:35 Castle Age
16:33 Horse Collar
17:34 Double-Bit Axe
19:07 Gold Mining
21:03 Gold Shaft Mining
25:03 Fervor
28:15 Stone Mining
29:24 Wheelbarrow
29:22 Bow Saw
34:08 Imperial Age
33:13 Stone Shaft Mining
32:41 Heavy Plow
34:15 Scale Mail Armor
34:26 Forging
34:30 Heavy Scorpion
37:30 Chemistry
36:41 Fortified Wall
36:28 Murder Holes
36:54 Ballistics
37:34 Furor Celtica
37:49 Conscription
37:55 Chain Mail Armor
38:16 Iron Casting
37:31 Fletching
41:13 Masonry
42:43 Elite Woad Raider
Mirliva1881
1:58 Loom
7:58 Loom
17:49 Feudal Age
19:52 Wheelbarrow
19:03 Town Watch
22:56 Castle Age
21:05 Double-Bit Axe
21:17 Horse Collar
25:24 Bow Saw
29:18 Imperial Age
29:20 Chemistry
32:05 Ballistics
34:16 Two-Man Saw
34:58 Hand Cart
36:22 Fletching
36:34 Padded Archer Armor
37:39 Bodkin Arrow
39:07 Masonry
PlaneBow2693438
3:26 Loom
22:47 Feudal Age
26:56 Castle Age
24:39 Horse Collar
25:26 Double-Bit Axe
26:00 Stone Mining
26:17 Gold Mining
27:52 Wheelbarrow
32:10 Coinage
31:42 Caravan
35:15 Gold Shaft Mining
38:27 Imperial Age
36:15 Bow Saw
36:09 Heavy Plow
38:57 Thumb Ring
38:13 Crossbowman
39:02 Padded Archer Armor
39:14 Forging
38:55 Fletching
39:25 Hand Cart
40:42 Chemistry
40:10 Heated Shot
39:56 Capped Ram
42:04 Arbalester
CASTER123
12:55 Feudal Age
17:41 Castle Age
15:31 Horse Collar
15:56 Double-Bit Axe
17:05 Gold Mining
19:07 Wheelbarrow
19:24 Heavy Plow
20:53 Bow Saw
23:36 Hand Cart
25:37 Loom
26:56 Stone Mining
31:21 Imperial Age
30:16 Forging
30:06 Scale Mail Armor
30:18 Anarchy
31:39 Squires
32:19 Iron Casting
32:00 Chain Mail Armor
32:38 Onager
32:50 Elite Huskarl
34:24 Crop Rotation
35:03 Two-Man Saw
34:48 Perfusion
37:01 Chemistry
37:08 Blast Furnace
48:01 Pikeman
bluetiger74
18:04 Feudal Age
20:23 Double-Bit Axe
20:21 Horse Collar
20:47 Gold Mining
20:50 Stone Mining
26:33 Castle Age
24:33 Fletching
24:44 Padded Archer Armor
26:52 Crossbowman
27:39 Thumb Ring
31:33 Gold Shaft Mining
31:00 Heavy Plow
31:13 Bow Saw
33:36 Bodkin Arrow
42:41 Imperial Age
42:44 Arbalester
43:30 Bracer
43:46 Leather Archer Armor
46:26 Chemistry
45:47 Ballistics
47:48 Ring Archer Armor
52:24 Bolt Magazine
落水杨花
0:45 Loom
12:43 Feudal Age
13:14 Town Watch
13:23 Double-Bit Axe
16:59 Stone Mining
17:08 Horse Collar
18:13 Town Watch
18:23 Gold Mining
32:07 Castle Age
34:44 Gold Shaft Mining
34:24 Bow Saw
34:36 Heavy Plow
38:49 Pikeman
42:13 Imperial Age
40:46 Fortified Wall
40:32 Murder Holes
44:24 Conscription
46:07 Onager
48:27 Masonry
50:41 Fletching
51:03 Forging
1143516068
22:38 Feudal Age
24:00 Wheelbarrow
23:08 Horse Collar
26:17 Stone Mining
26:21 Gold Mining
35:10 Castle Age
35:23 Double-Bit Axe
36:59 Stone Shaft Mining
37:04 Gold Shaft Mining
36:53 Bow Saw
42:01 Imperial Age
39:50 Hand Cart
43:10 Heavy Plow
44:31 Two-Man Saw
48:40 Hoardings
Connection lost

Rejoining the realm…

Still unreachable

The connection could not be restored.

Session expired

The server has moved on; the page needs a fresh start.